 Dungeon Sprint DCSS version 0.22-a0-877-g5c4e1af (webtiles) character file.

16241 Brynnhild the Timeless (level 12, -2/90 HPs)
             Began as an Octopode Monk on July 29, 2018.
             Was a High Priest of Cheibriados.
             Slain by an ettin
             ... wielding a +0 dire flail
              (30 damage)
             ... in the Dungeon (Sprint IX: "|||||||||||||||||||||||||||||").
             The game lasted 00:04:16 (1781 turns).

Brynnhild the Timeless (Octopode Monk)              Turns: 1781, Time: 00:04:17

Health: -2/90      AC:  1    Str: 29    XL:     12   Next: 35%
Magic:  0/25       EV: 30    Int: 26    God:    Cheibriados [*****.]
Gold:   1255       SH:  0    Dex: 32    Spells: 11/11 levels left

rFire    . . .     SeeInvis .   m - +2 scimitar (flame)
rCold    . . .     Gourm    .   (no shield)
rNeg     . . .     Faith    .   (helmet restricted)
rPois    .         Spirit   .   (no amulet)
rElec    .         Reflect  .   o - +3 ring of strength
rCorr    .         Harm     .   n - +2 ring of evasion
MR       .....     NoTele   +   (no ring)
Stlth    ++++......             (no ring)
HPRegen  0.25/turn              (no ring)
MPRegen  0.19/turn              (no ring)
                                (no ring)
                                (no ring)

@: very slow
A: almost no armour, stealthy swim, amphibious, 8 rings, constrict 8, camouflage
1, gelatinous body 1
a: Bend Time, Temporal Distortion, Slouch, Step From Time, Renounce Religion


You were in the Dungeon.
You worshipped Cheibriados.
Cheibriados was extremely pleased with you.
You were hungry.

You visited 1 branch You collected 1255 gold pieces.

Inventory:

Hand Weapons
 a - a +0 falchion
 m - a +2 scimitar of flaming (weapon)
Jewellery
 n - a +2 ring of evasion (right tentacle)
 o - a +3 ring of strength (left tentacle)
Wands
 l - a wand of iceblast (6)
Scrolls
 h - 3 scrolls of blinking
 j - 3 scrolls of remove curse
 k - 2 scrolls of amnesia
 r - 2 scrolls of fog
 s - 4 scrolls of enchant weapon
 t - 3 scrolls of identify
Potions
 c - a potion of invisibility
 d - 5 potions of heal wounds
 e - a potion of haste
 f - 3 potions of magic
 g - 2 potions of berserk rage
 i - 4 potions of curing
 p - a potion of might
 q - a potion of brilliance
Comestibles
 b - 14 rations
 u - 2 chunks of flesh


   Skills:
 + Level 11.2 Fighting
 * Level 18.2 Long Blades
 + Level 12.3 Dodging
 - Level 2.6 Stealth
 * Level 19.0 Invocations


You had 11 spell levels left.
You didn't know any spells.
Your spell library was empty.

Dungeon Overview and Level Annotations

Branches:
Dungeon (1/1)

Altars:
Cheibriados
Dithmenos
Elyvilon
Fedhas
Gozag
Hepliaklqana
Kikubaaqudgha
Makhleb
Nemelex Xobeh
Okawaru
Qazlal
Ru
Sif Muna
Trog
Uskayaw
Vehumet
Wu Jian
Xom
Yredelemnul
Zin
The Shining One
Beogh
Jiyva
Lugonu

Shops:
D *:


Innate Abilities, Weirdness & Mutations

You cannot wear most types of armour.
You are very stealthy in the water. (Stealth+)
You are amphibious.
You can wear up to eight rings at the same time.
You can use your tentacles to constrict eight enemies at once.
Your skin changes colour to match your surroundings (Stealth+).
Your rubbery body absorbs attacks. (AC +1, EV +1)


Message History

Unknown command.
The ettin completely misses you.
You riposte.
You hit the ettin but do no damage.
You squeeze the ettin, but do no damage.
The ettin barely misses you.
Found Erghuprelab's Book Shoppe.
Things that are here:
4 large rocks; 50 gold pieces; a stone giant corpse You slash the ettin!
You burn the ettin.
The ettin is lightly wounded.
You can feel time thicken for a moment.
You are feeling hungry.
Cheibriados lowers the support of your attributes as your movement quickens.
The ettin completely misses you. The ettin hits you with a dire flail!!
* * * LOW HITPOINT WARNING * * *
Unknown command.
Unknown command.
You feel much better. The ettin barely misses you.
The ettin hits you with a dire flail!!
You die...

▓_▓.▓÷▓.▓)▓
▓_▓.▓.▓.▓)▓
▓_▓.▓÷▓.▓)▓
▓_▓.▓.▓.▓.▓
▓_▓.▓.▓.▓.▓
▓_▓.▓.▓.▓.▓
▓_▓.▓÷▓.▓.▓
▓_▓.▓†▓.▓'▓
▓'▓.▓†▓.▓@▓
▓.▓.▓÷▓.▓C▓
▓.▓.▓.▓.▓$▓
▓|▓.▓.▓.▓$▓
▓)▓.▓.▓.▓$▓
▓[▓.▓.▓.▓∩▓
▓[▓.▓.▓.▓$▓
▓[▓.▓.▓.▓∩▓
▓.▓.▓.▓.▓


You could see an ettin.

Vanquished Creatures
  A stone giant (D)
  2 catoblepae (D)
  5 death yaks (D)
  A two-headed ogre (D)
  An orc high priest (D)
  An iron troll (D)
  An unseen horror (D)
  4 deep trolls (D)
  2 orc knights (D)
  A cyclops (D)
  An elephant (D)
  Maurice (D)
  A black mamba (D)
  A spiny frog (D)
  A rime drake (D)
  A komodo dragon (D)
  A troll (D)
  2 hippogriffs (D)
  A dream sheep (D)
  A vampire (D)
  3 yaks (D)
  A vampire mosquito (D)
  2 water moccasins (D)
  3 porcupines (D)
  10 orc warriors (D)
  2 crocodiles (D)
  4 bullfrogs (D)
  A scorpion (D)
  A crimson imp (D)
  5 orc wizards (D)
  An orc priest (D)
  A worker ant (D)
  A dart slug (D)
  8 orcs (D)
  A bat zombie (D)
  A hobgoblin (D)
  A kobold (D)
  A quokka (D)
  2 bats (D)
  A frilled lizard (D)
  A leopard gecko zombie (D)
81 creatures vanquished.

Notes
Turn   | Place    | Note
-------+----------+-------------------------------------------
     0 | D        | Brynnhild the Octopode Monk began the quest for the Orb.
     0 | D        | Reached XP level 1. HP: 16/16 MP: 1/1
    11 | D        | Reached XP level 2. HP: 17/21 MP: 2/2
    62 | D        | Noticed a crimson imp
    62 | D        | Noticed a scorpion
    71 | D        | Killed a crimson imp
    71 | D        | Reached XP level 3. HP: 17/26 MP: 3/3
    75 | D        | Reached skill level 5 in Dodging
    75 | D        | Reached XP level 4. HP: 9/31 MP: 4/4
    79 | D        | HP: 1/31 [scorpion (9)]
   478 | D        | Found a roughly hewn altar of Beogh.
   478 | D        | Found a snail-covered altar of Cheibriados.
   478 | D        | Found a shadowy altar of Dithmenos.
   478 | D        | Found a white marble altar of Elyvilon.
   478 | D        | Found a blossoming altar of Fedhas.
   478 | D        | Found an opulent altar of Gozag.
   479 | D        | Found a hazy altar of Hepliaklqana.
   480 | D        | Found a viscous altar of Jiyva.
   481 | D        | Found an ancient bone altar of Kikubaaqudgha.
   482 | D        | Became a worshipper of Cheibriados the Contemplative
   482 | D        | Reached * piety under Cheibriados
   482 | D        | Reached ** piety under Cheibriados
   483 | D        | Found a corrupted altar of Lugonu.
   484 | D        | Found a burning altar of Makhleb.
   485 | D        | Found a sparkling altar of Nemelex Xobeh.
   486 | D        | Found an iron altar of Okawaru.
   487 | D        | Found a stormy altar of Qazlal.
   488 | D        | Found a sacrificial altar of Ru.
   489 | D        | Found a deep blue altar of Sif Muna.
   490 | D        | Found a bloodstained altar of Trog.
   491 | D        | Found a hide-covered altar of Uskayaw.
   492 | D        | Found a radiant altar of Vehumet.
   493 | D        | Found an ornate altar of the Wu Jian Council.
   494 | D        | Found a shimmering altar of Xom.
   495 | D        | Found a basalt altar of Yredelemnul.
   496 | D        | Found a glowing silver altar of Zin.
   497 | D        | Found a glowing golden altar of the Shining One.
   529 | D        | Noticed a yak
   529 | D        | Noticed a bullfrog
   529 | D        | Noticed a yak
   529 | D        | Noticed a vampire
   531 | D        | Reached XP level 5. HP: 36/36 MP: 5/5
   535 | D        | Killed a yak
   535 | D        | Reached skill level 3 in Invocations
   535 | D        | Reached XP level 6. HP: 44/44 MP: 5/8
   536 | D        | Reached *** piety under Cheibriados
   536 | D        | Reached skill level 5 in Fighting
   536 | D        | Reached skill level 10 in Long Blades
   541 | D        | Killed a yak
   541 | D        | Reached skill level 4 in Invocations
   541 | D        | Reached XP level 7. HP: 51/51 MP: 5/10
   551 | D        | Killed a vampire
   551 | D        | Reached **** piety under Cheibriados
   551 | D        | Reached skill level 5 in Invocations
   772 | D        | Noticed a two-headed ogre
   772 | D        | Noticed a vampire mosquito
   772 | D        | Noticed a cyclops
   773 | D        | Killed an unseen horror
   773 | D        | Reached skill level 6 in Invocations
   773 | D        | Reached XP level 8. HP: 60/60 MP: 10/12
   773 | D        | Reached ***** piety under Cheibriados
   774 | D        | Killed a two-headed ogre
   774 | D        | Reached skill level 7 in Invocations
   774 | D        | Reached XP level 9. HP: 66/66 MP: 0/14
   780 | D        | Killed a cyclops
   780 | D        | Reached skill level 10 in Dodging
   892 | D        | Noticed a spiny frog
   893 | D        | Noticed a black mamba
   895 | D        | Reached skill level 8 in Invocations
   895 | D        | Reached skill level 15 in Long Blades
   895 | D        | Killed a black mamba
   896 | D        | Killed a spiny frog
   896 | D        | Reached ****** piety under Cheibriados
   896 | D        | Reached XP level 10. HP: 66/74 MP: 9/16
   897 | D        | Reached skill level 9 in Invocations
  1096 | D        | Noticed an elephant
  1101 | D        | Reached skill level 10 in Invocations
  1101 | D        | Reached skill level 10 in Fighting
  1103 | D        | Killed an elephant
  1205 | D        | Noticed a death yak
  1205 | D        | Noticed a death yak
  1205 | D        | Noticed a death yak
  1205 | D        | Noticed a catoblepas
  1205 | D        | Noticed a death yak
  1205 | D        | Noticed a catoblepas
  1209 | D        | Killed a death yak
  1209 | D        | Reached skill level 11 in Invocations
  1209 | D        | Noticed a death yak
  1210 | D        | Killed a death yak
  1210 | D        | Reached skill level 12 in Invocations
  1212 | D        | Killed a death yak
  1212 | D        | Reached XP level 11. HP: 82/82 MP: 3/20
  1224 | D        | Killed a catoblepas
  1224 | D        | Reached skill level 13 in Invocations
  1225 | D        | Killed a catoblepas
  1227 | D        | Killed a death yak
  1227 | D        | Reached skill level 14 in Invocations
  1228 | D        | Killed a death yak
  1486 | D        | Noticed Maurice
  1492 | D        | Killed Maurice
  1492 | D        | Reached skill level 15 in Invocations
  1580 | D        | Noticed an orc knight
  1587 | D        | Killed an orc knight
  1587 | D        | Reached skill level 16 in Invocations
  1588 | D        | Noticed an orc knight
  1591 | D        | Noticed an orc high priest
  1598 | D        | Noticed a sun demon
  1598 | D        | Killed an orc knight
  1600 | D        | Killed an orc high priest
  1765 | D        | Found Bodo's General Store.
  1765 | D        | Noticed a stone giant
  1765 | D        | Noticed a deep troll
  1765 | D        | Noticed an iron troll
  1765 | D        | Noticed a deep troll
  1766 | D        | Noticed a deep troll
  1766 | D        | Noticed a deep troll
  1768 | D        | Reached skill level 17 in Invocations
  1769 | D        | Killed a deep troll
  1769 | D        | Reached XP level 12. HP: 76/90 MP: 13/24
  1770 | D        | Killed a stone giant
  1770 | D        | Reached skill level 18 in Invocations
  1772 | D        | Noticed an ettin
  1777 | D        | Killed an iron troll
  1777 | D        | Reached skill level 19 in Invocations
  1778 | D        | Found Erghuprelab's Book Shoppe.
  1780 | D        | HP: 3/90 [ettin/dire flail (27)]
  1781 | D        | Slain by an ettin

Vault maps used:
D:        linesprint

Skill      XL: |  1  2  3  4  5  6  7  8  9 10 11 12 |
---------------+-------------------------------------+-----
Long Blades    | 4 6 7 8 9 11 13 14 15 17 18 | 18.2
Dodging        | 4 5 6 7 9 10 11 12 | 12.3
Fighting       | 4 5 7 8 9 10 11 | 11.2
Invocations    | 3 4 6 7 8 12 17 19 | 19.0
Stealth        | |  2.6

Action                   |  1- 3 |  4- 6 |  7- 9 | 10-12 || total
-------------------------+-------+-------+-------+-------++-------
Melee: Falchion          |    20 |     4 |       |       ||    24
       Tentacles         |     6 |     5 |     3 |    19 ||    33
       Constrict         |     7 |     2 |       |     5 ||    14
       Scimitar          |       |    10 |    11 |    41 ||    62
Invok: Slouch            |       |       |     3 |    23 ||    26
Evoke: Wand              |       |     1 |     5 |     1 ||     7
  Use: Potion            |       |     1 |       |     3 ||     4
 Stab: Sleeping          |       |       |     1 |     2 ||     3
  Eat: Chunk             |       |       |       |     4 ||     4
Armor: Skin              |     2 |       |       |     1 ||     3
Dodge: Dodged            |    11 |     8 |    11 |    43 ||    73
       Rpst.: Falchion   |     2 |     1 |       |       ||     3
       Scimitar          |       |     1 |     1 |    11 ||    13

Table legend:
 A = Spawn XP
 B = Non-spawn XP
 C = Spawn XP percentage of total XP
 D = Spawn monster count
 E = Non-spawn monster count
 F = Spawn count percentage of total count
 G = Total turns spent on level
                    A         B        C        D         E        F      G
               +---------+---------+-------+---------+---------+-------+---------
         Total |       0 |   23202 |   0.0 |       0 |      81 |   0.0 |  1781
               +---------+---------+-------+---------+---------+-------+---------
             D |       0 |   23202 |   0.0 |       0 |      81 |   0.0 |  1781
               +---------+---------+-------+---------+---------+-------+---------
